 Dungeon Crawl Stone Soup version 0.25-a0-589-g1e14c549ee (webtiles) character file.

Game seed: 14501203509156349656, levelgen mode: classic

12156 EnegeticOcto the Cleaver (level 11, -1/106 HPs)
             Began as a Deep Dwarf Fighter on Mar 9, 2020.
             Was a High Priest of Makhleb.
             Slain by a two-headed ogre
             ... wielding a +0 giant spiked club
              (10 damage)
             ... on level 12 of the Dungeon.
             The game lasted 00:06:07 (6759 turns).

EnegeticOcto the Cleaver (Deep Dwarf Fighter)       Turns: 6759, Time: 00:06:08

Health: -1/106     AC:  9    Str: 23    XL:     11   Next: 58%
Magic:  8/8        EV:  5    Int:  9    God:    Makhleb [*****.]
Gold:   604        SH: 12    Dex: 12    Spells: 10/10 levels left

rFire    + . .     SeeInvis .   a - +1 war axe
rCold    . . .     Gourm    .   c - +1 kite shield
rNeg     . . .     Faith    .   h - +0 plate armour
rPois    .         Spirit   .   r - +0 helmet
rElec    .         Reflect  .   s - +0 cloak
rCorr    .         Harm     +   (no gloves)
MR       ++...                  G - +0 pair of boots
Stlth    ..........             f - amulet of harm
HPRegen  0.00/turn              C - ring of protection from fire
MPRegen  0.11/turn              A - ring of protection from magic

@: lethally poisoned (-1 -> -1), corroded, non-regenerating
A: damage resistance, heal wounds, talons 1, sense surroundings 2, no
regeneration
a: Heal Wounds, Minor Destruction, Lesser Servant of Makhleb, Major Destruction,
Greater Servant of Makhleb, Renounce Religion


You were on level 12 of the Dungeon.
You worshipped Makhleb.
Makhleb was extremely pleased with you.
You were near starving.

You visited 2 branches of the dungeon, and saw 13 of its levels.
You also visited: Sewer and Ossuary.

You collected 661 gold pieces.
You spent 57 gold pieces at shops.

Inventory:

Hand Weapons
 a - a +1 war axe (weapon)
Missiles
 z - a throwing net (quivered)
Armour
 c - a +1 kite shield (worn)
 h - a +0 plate armour (worn)
 r - a +0 helmet (worn)
 s - a +0 cloak (worn)
 G - a +0 pair of boots (worn)
Jewellery
 f - an amulet of harm (around neck)
 A - a ring of protection from magic (right hand)
 C - a ring of protection from fire (left hand)
 F - a +2 ring of strength {unknown}
Wands
 q - a wand of digging (4) {@v2}
 D - a wand of scattershot (5)
 E - a wand of iceblast (8)
Scrolls
 b - 2 scrolls of enchant weapon
 g - 6 scrolls of remove curse {@r6}
 i - 3 scrolls of blinking {@r3}
 l - 4 scrolls of teleportation {@r2}
 p - 7 scrolls of enchant armour
 u - a scroll of fog
 x - a scroll of magic mapping {@r5}
 y - a scroll of identify {@r1}
Potions
 d - 4 potions of heal wounds {@q2}
 j - 3 potions of stabbing {@q5}
 k - 3 potions of might {@q3}
 m - 3 potions of resistance {@q6}
 n - a potion of haste {@q4}
 o - 2 potions of flight
 t - 2 potions of curing {@q1}
 v - 2 potions of invisibility
 w - a potion of ambrosia
 B - a potion of lignification {@q7}
Comestibles
 e - 23 rations


   Skills:
 * Level 9.5 Fighting
 * Level 10.9 Axes
 + Level 8.1 Armour
 + Level 8.2 Shields
 * Level 10.2 Invocations


You had 10 spell levels left.
You didn't know any spells.
Your spell library was empty.

Dungeon Overview and Level Annotations

Branches:
Dungeon (12/15)            Temple (1/1) D:5            Lair (0/6) D:9
  Sewer (visited)         Ossuary (visited)
    Orc: D:9-12

Altars:
Ashenzari
Cheibriados
Dithmenos
Elyvilon
Fedhas
Hepliaklqana
Makhleb
Nemelex Xobeh
Okawaru
Qazlal
Wu Jian
Xom
Zin

Shops:
D:4 *   D:10 =


Innate Abilities, Weirdness & Mutations

You are resistant to damage.
You can heal yourself by infusing magical energy.
You passively map the area around you.
You do not regenerate.
You have sharp toenails.


Message History

You are too injured to fight recklessly!
You are too injured to fight recklessly!
You are too injured to fight recklessly!
You are too injured to fight recklessly!
You are too injured to fight recklessly!
You are too injured to fight recklessly!
You are too injured to fight recklessly!
You are too injured to fight recklessly!
You are too injured to fight recklessly!
You are too injured to fight recklessly!
You are too injured to fight recklessly!
You are too injured to fight recklessly!
You are too injured to fight recklessly!
You are too injured to fight recklessly!
Okay, then.
Your magical essence is drained by the effort!
You feel much better. The troll bites you!
* * * LOW HITPOINT WARNING * * *
The troll claws you. You block the troll's attack.
The centaur hits you but does no damage.
The brown ugly thing bites you but does no damage.
You feel much better.
The centaur hits you but does no damage.
The troll bites you. The troll claws you! You block the troll's attack.
A kobold demonologist comes into view. It is wielding a +0 dagger.
You block the two-headed ogre's attack. x2
The kobold demonologist miscasts a cantrip.
The centaur hits you.
* * * LOW HITPOINT WARNING * * *
The brown ugly thing bites you.
* * * LOW HITPOINT WARNING * * *
You are splashed with acid!
* * * LOW HITPOINT WARNING * * *
You feel much better.
A kobold comes into view.
The troll bites you. You block the troll's attack. x2
The centaur hits you but does no damage.
The two-headed ogre hits you with a +0 giant spiked club!
* * * LOW HITPOINT WARNING * * *
The two-headed ogre hits you with a +0 giant club!
* * * LOW HITPOINT WARNING * * *
The kobold demonologist gestures wildly while chanting.
You block the brown ugly thing's attack.
A kobold comes into view.
You are too injured to fight recklessly!
You are too injured to fight recklessly!
You are too injured to fight recklessly!
You are too injured to fight recklessly!
You are too injured to fight recklessly!
You are too injured to fight recklessly!
You are too injured to fight recklessly!
You are too injured to fight recklessly!
You are too injured to fight recklessly!
You fail to use your ability.
The centaur hits you but does no damage.
The troll bites you but does no damage. You block the troll's attack.
The troll claws you but does no damage. You block the centaur's attack.
The brown ugly thing bites you.
You are splashed with acid!
* * * LOW HITPOINT WARNING * * *
You feel much better. You block the two-headed ogre's attack.
The two-headed ogre hits you with a +0 giant club!
* * * LOW HITPOINT WARNING * * *
The troll barely misses you. You block the troll's attack. The troll claws you.
* * * LOW HITPOINT WARNING * * *
The centaur hits you.
* * * LOW HITPOINT WARNING * * *
The basilisk hisses menacingly.
The brown ugly thing bites you but does no damage.
You are too injured to fight recklessly!
You are too injured to fight recklessly!
You are too injured to fight recklessly!
You are too injured to fight recklessly!
You are too injured to fight recklessly!
You are too injured to fight recklessly!
You are too injured to fight recklessly!
You are too injured to fight recklessly!
You are too injured to fight recklessly!
You are too injured to fight recklessly!
You are too injured to fight recklessly!
You feel much better. The centaur hits you. The troll barely misses you.
The troll claws you but does no damage. The troll barely misses you.
You block the two-headed ogre's attack.
The two-headed ogre hits you with a +0 giant club!
* * * LOW HITPOINT WARNING * * *
The kobold demonologist gestures wildly while chanting.
The centaur hits you.
* * * LOW HITPOINT WARNING * * *
The brown ugly thing bites you.
You are splashed with acid!
* * * LOW HITPOINT WARNING * * *
You feel much better.
The kobold demonologist mumbles some strange words.
The troll bites you. The troll claws you.
* * * LOW HITPOINT WARNING * * *
The troll claws you!
* * * LOW HITPOINT WARNING * * *
The centaur closely misses you.
The two-headed ogre hits you with a +0 giant spiked club!
* * * LOW HITPOINT WARNING * * *
The two-headed ogre hits you with a +0 giant club!
You die...

##### ####### #######
#...# #......
.......*#...# #.##### **
......T##5.3######.#...#
*
....>yu@cKK5............
,......O##K5........#....
......l #.K........#.#..
,.....## #..5.#####.#+###
, .....* #....# #...
,,.... ####....#####.....
...,,........)..........
*,, ...
#######)#####...... * ,
#.....# #.....#


You could see a brown ugly thing, a two-headed ogre, 2 kobold demonologists, a
troll, a basilisk, a ynoxinul, a big kobold, a centaur, a killer bee, an iron
imp, a white imp, 2 shadow imps and a kobold.

Vanquished Creatures
  Harold (D:8)
  A two-headed ogre (D:10)
  The ghost of Gaabyv the Thaumaturge, a novice DECj of Vehumet (D:10)
  Maggie (D:7)
  A troll (D:6)
  Prince Ribbit (D:7)
  Grinder (D:6)
  3 spriggans
  A wraith (D:10)
  10 yaks
  3 hungry ghosts
  A porcupine (D:9)
  A water moccasin (D:8)
  2 orc warriors
  4 black bears (D:9)
  An eye of draining (D:11)
  2 ice beasts
  8 ogres
  4 phantoms
  2 necrophages
  A wolf (D:10)
  A crocodile (D:9)
  A big kobold (D:12)
  9 centaurs
  6 bullfrogs
  8 killer bees
  2 scorpions
  7 wights
  2 howler monkeys
  3 centaur zombies
  3 crimson imps
  2 centaur skeletons (D:9)
  6 hounds
  A quasit (D:11)
  A human zombie (Ossuary)
  5 orc priests
  Crazy Yiuf (D:7)
  A bullfrog skeleton (D:4)
  A bullfrog zombie (D:10)
  13 orc wizards
  An iguana (D:4)
  4 worker ants
  3 ogre zombies (Ossuary)
  A big kobold zombie (Ossuary)
  7 mummies (Ossuary)
  A howler monkey zombie (D:6)
  2 worker ant zombies
  3 gnolls (D:6)
  12 adders
  6 shadow imps
  13 oozes (Sewer)
  A worm zombie (D:8)
  3 adder skeletons
  3 adder zombies (Ossuary)
  3 worms
  A dart slug (D:2)
  12 leopard geckos
  36 orcs
  2 bats (D:2)
  16 giant cockroaches
  3 goblins
  7 jackals
  5 quokkas
  11 ball pythons (Sewer)
  8 frilled lizards
  A gnoll zombie (Ossuary)
  4 goblin zombies (Ossuary)
  3 hobgoblin zombies (Ossuary)
  8 kobolds
  6 kobold zombies (Ossuary)
  A quokka skeleton (D:7)
  4 quokka zombies (Ossuary)
  3 rats
  2 rat zombies (Ossuary)
  A plant (D:9)
320 creatures vanquished.

Vanquished Creatures (collateral kills)
  Urug (D:10)
  An orc priest (D:10)
  An iguana (D:10)
  2 orcs (D:10)
5 creatures vanquished.

Vanquished Creatures (others)
  3 plants (D:10)
3 creatures vanquished.

Grand Total: 328 creatures vanquished

Notes
Turn   | Place    | Note
-------+----------+-------------------------------------------
     0 | D:1      | EnegeticOcto the Deep Dwarf Fighter began the quest for the
                  | Orb.
     0 | D:1      | Reached XP level 1. HP: 20/20 MP: 1/1
    29 | D:2      | Found an iron altar of Okawaru.
    54 | D:2      | Reached XP level 2. HP: 22/28 MP: 2/2
    91 | D:2      | Reached XP level 3. HP: 34/34 MP: 2/2
   287 | D:4      | Found Deteat's Assorted Antiques.
   301 | D:4      | Noticed a phantom
   324 | D:4      | Killed a phantom
   324 | D:4      | Reached XP level 4. HP: 27/43 MP: 3/3
   337 | D:4      | Bought a scroll labeled NOAD FEDUSCH for 19 gold pieces
   337 | D:4      | Bought a scroll labeled NOSHYENETZ for 19 gold pieces
   337 | D:4      | Bought a scroll labeled DIDUZX KOVAMIS for 19 gold pieces
   531 | D:4      | Reached XP level 5. HP: 24/50 MP: 3/3
   547 | D:4      | Noticed an ogre
   562 | D:4      | Killed an ogre
   562 | D:4      | Reached XP level 6. HP: 57/57 MP: 1/1
   779 | D:4      | Found a glowing drain.
   790 | Sewer    | Entered a sewer
  1168 | Sewer    | Reached skill level 5 in Axes
  1168 | Sewer    | Reached XP level 7. HP: 48/66 MP: 2/2
  1256 | D:4      | Found a snail-covered altar of Cheibriados.
  1431 | D:4      | Reached skill level 5 in Fighting
  1558 | D:5      | Entered Level 5 of the Dungeon
  1648 | D:5      | Reached skill level 5 in Armour
  1648 | D:5      | Reached skill level 5 in Shields
  1850 | D:5      | Reached XP level 8. HP: 56/75 MP: 2/2
  2317 | D:5      | Found a staircase to the Ecumenical Temple.
  2332 | Temple   | Entered the Ecumenical Temple
  2444 | Temple   | Became a worshipper of Makhleb the Destroyer
  2521 | D:6      | Reached skill level 1 in Invocations
  2548 | D:6      | Found a blossoming altar of Fedhas.
  2758 | D:6      | Noticed a troll
  2773 | D:6      | Killed a troll
  2834 | D:6      | Noticed Grinder
  2852 | D:6      | Killed Grinder
  2852 | D:6      | Gained mutation: You passively map the area around you.
                  | [Deep Dwarf growth]
  2852 | D:6      | Reached XP level 9. HP: 55/85 MP: 3/5
  3003 | D:7      | Gained mutation: You occasionally shout uncontrollably at
                  | your foes. [potion of mutation]
  3003 | D:7      | Lost mutation: You occasionally shout uncontrollably at
                  | your foes. [potion of mutation]
  3003 | D:7      | Gained mutation: You have sharp toenails. [potion of
                  | mutation]
  3057 | D:7      | Found a runed translucent door.
  3058 | D:7      | Noticed Crazy Yiuf
  3110 | D:7      | Reached * piety under Makhleb
  3149 | D:7      | Noticed Prince Ribbit
  3208 | D:7      | Killed Prince Ribbit
  3281 | D:7      | Reached skill level 5 in Invocations
  3322 | D:7      | Noticed Maggie
  3395 | D:7      | Killed Maggie
  3766 | D:7      | Killed Crazy Yiuf
  3818 | D:8      | Reached ** piety under Makhleb
  3914 | D:8      | Found a sand-covered staircase.
  3929 | Ossuary  | Entered an ossuary
  4141 | Ossuary  | Reached XP level 10. HP: 90/96 MP: 5/5
  4316 | D:8      | Reached *** piety under Makhleb
  4618 | D:8      | Noticed Harold
  4650 | D:8      | Killed Harold
  4950 | D:9      | Found a staircase to the Lair.
  5374 | D:10     | Entered Level 10 of the Dungeon
  5378 | D:10     | Found Baeghede's Jewellery Shop.
  5400 | D:10     | Noticed Urug
  5431 | D:10     | Killed Urug
  5509 | D:10     | Reached skill level 10 in Axes
  5515 | D:10     | Reached **** piety under Makhleb
  5530 | D:10     | Reached XP level 11. HP: 94/104 MP: 8/8
  5544 | D:10     | Found a runed translucent door.
  5548 | D:10     | Noticed Gaabyv's ghost (novice DECj)
  5552 | D:10     | Identified the cursed +0 trident "Newtslayer" {vorpal,
                  | Int+3 Stlth+}
  5584 | D:10     | Noticed a two-headed ogre
  5593 | D:10     | Killed a two-headed ogre
  5978 | D:10     | Killed Gaabyv's ghost
  6086 | D:11     | Reached ***** piety under Makhleb
  6086 | D:11     | Reached skill level 10 in Invocations
  6551 | D:11     | Found a shadowy altar of Dithmenos.
  6726 | D:12     | Noticed a brown ugly thing
  6733 | D:12     | Noticed a two-headed ogre
  6752 | D:12     | HP: 2/106 [two-headed ogre/+0 giant spiked club (8)]
  6759 | D:12     | Slain by a two-headed ogre

Levels and vault maps discovered:
D:1:      dpeg_arrival_pits, layout_rooms
D:2:      layout_basic, okawaru_trees_2
D:3:      layout_basic, minmay_crystal_room, lemuel_angel_altar
D:4:      layout_basic, cheibriados_altar_1, portal_sewer_entry_d, serial_shops,
          shop_coins, hangedman_glass_garden
D:5:      layout_loops_ring, minmay_temple_entry_trees, first_ration
D:6:      layout_rooms, basic_altar, uniq_grinder
D:7:      layout_loops_ring, the_bakery, kennysheep_generic_room_11,
          uniq_prince_ribbit1, uniq_crazy_yiuf_cottage, uniq_maggie
D:8:      layout_gridville, enter_ossuary_3, dk_noncrumbling_4,
          grunt_ministairs_9, uniq_harold
D:9:      layout_big_octagon, due_lair_maze_entry_diamond
D:10:     layout_roguey, serial_shops, nicolae_shop_crystal,
          ebering_ghost_funeral_grove, uniq_urug
D:11:     layout_loops_cross, basic_altar
D:12:     layout_basic, orc_0_dummy, portal_ice_cave_entry_ice_beasts,
          minmay_fire_ice_demons
Temple:   roderic_octagonal_lattice_temple

Skill      XL: |  1  2  3  4  5  6  7  8  9 10 11 |
---------------+----------------------------------+-----
Fighting       | 3 4 5 6 7 8 9 |  9.5
Axes           | 3 4 5 6 7 8 10 | 10.9
Armour         | 4 5 6 7 8 |  8.1
Shields        | 4 5 6 7 8 |  8.2
Invocations    | 4 6 9 10 | 10.2

Action                   |  1- 3 |  4- 6 |  7- 9 | 10-12 || total
-------------------------+-------+-------+-------+-------++-------
Melee: War axe           |    73 |   258 |   421 |   368 ||  1120
       Kick              |       |       |    64 |   106 ||   170
Invok: Lesser Servant of |       |       |       |     1 ||     1
 Abil: Heal Wounds       |     1 |     8 |    17 |    17 ||    43
  Use: Scroll            |       |     2 |    10 |     9 ||    21
       Potion            |       |       |     1 |       ||     1
  Eat: Chunk             |       |     2 |    10 |    10 ||    22
       Ration            |       |       |       |     2 ||     2
Armor: Scale mail        |    39 |   131 |    10 |       ||   180
       Chain mail        |       |       |    34 |       ||    34
       Plate armour      |       |       |   168 |   268 ||   436
Dodge: Dodged            |    25 |    86 |    73 |    95 ||   279
Block: Kite shield       |    46 |   219 |   242 |   275 ||   782

Table legend:
 A = Non-vault XP
 B = Vault XP
 C = Vault XP percentage of total XP
 D = Non-vault monster count
 E = Vault monster count
 F = Vault count percentage of total count
                 A         B        C        D         E       F
            +---------+---------+-------+---------+---------+-------
      Total |   11508 |    5858 |  33.7 |     207 |     117 |  36.1
            +---------+---------+-------+---------+---------+-------
        D:1 |       3 |       0 |   0.0 |       2 |       0 |   0.0
        D:2 |      46 |       0 |   0.0 |      13 |       0 |   0.0
        D:3 |       2 |       0 |   0.0 |       1 |       0 |   0.0
        D:4 |     571 |      14 |   2.4 |      17 |       1 |   5.6
        D:5 |     800 |       0 |   0.0 |      33 |       0 |   0.0
        D:6 |     964 |     262 |  21.4 |      18 |       1 |   5.3
        D:7 |     999 |     938 |  48.4 |      25 |       5 |  16.7
        D:8 |     855 |     971 |  53.2 |      16 |       2 |  11.1
        D:9 |     772 |     802 |  51.0 |      10 |       7 |  41.2
       D:10 |    3104 |    2083 |  40.2 |      30 |       5 |  14.3
       D:11 |    2316 |       0 |   0.0 |      19 |       0 |   0.0
       D:12 |    1076 |       0 |   0.0 |      23 |       0 |   0.0
      Sewer |       0 |     383 | 100.0 |       0 |      59 | 100.0
    Ossuary |       0 |     405 | 100.0 |       0 |      37 | 100.0
            +---------+---------+-------+---------+---------+-------
